 Dungeon Crawl Stone Soup version 0.21-a0-143-g1ab7d47 (webtiles) character file.

203 KristoblXynda the Grave Robber (level 5, -1/38 HPs)
             Began as a Draconian Necromancer on July 20, 2017.
             Was an Initiate of Vehumet.
             Succumbed to an orc wizard's poison
             ... on level 4 of the Dungeon on July 25, 2017.
             The game lasted 00:11:41 (3732 turns).

KristoblXynda the Grave Robber (DrNe)               Turns: 3732, Time: 00:11:42

Health: -1/38      AC:  5    Str: 15    XL:     5   Next: 51%
Magic:  10/10      EV: 12    Int: 17    God:    Vehumet [......]
Gold:   205        SH:  0    Dex: 11    Spells: 3/11 levels left

rFire    + . .     SeeInvis .   c - +2 dagger
rCold    + . .     Gourm    .   (no shield)
rNeg     . . .     Faith    .   (armour unavailable)
rPois    +         Spirit   .   (helmet restricted)
rElec    +         Reflect  .   (no cloak)
rCorr    +         Harm     .   (no gloves)
MR       .....                  (no boots)
Stlth    ++........             n - amulet of magic regeneration
HPRegen  0.12/turn              (no ring)
MPRegen  0.37/turn              (no ring)

@: mighty, lethally poisoned (-1 -> -24), resistant, drained
A: unfitting armour, cold-blooded, AC +5
a: Renounce Religion


You were on level 4 of the Dungeon.
You worshipped Vehumet.
Vehumet was noncommittal.
You were not hungry.

You visited 1 branch of the dungeon, and saw 4 of its levels.

You collected 205 gold pieces.

Inventory:

Hand Weapons
 c - a +2 dagger (weapon)
Armour
 h - a +2 shield
Jewellery
 n - an amulet of magic regeneration (around neck)
Wands
 e - a wand of iceblast (5/15)
Potions
 g - a potion of might
 j - a potion of brilliance
Books
 a - a book of Necromancy

   Spells                             Type                      Level
   a - Pain                           Necromancy                   1
   b - Animate Skeleton               Necromancy                   1
   c - Vampiric Draining              Necromancy                   3
   d - Regeneration                   Charms/Necromancy            3
   e - Animate Dead                   Necromancy                   4
   f - Control Undead                 Necromancy                   4
 m - a book of Conjurations

   Spells                             Type                      Level
   a - Magic Dart                     Conjuration                  1
   b - Searing Ray                    Conjuration                  2
   c - Dazzling Spray                 Conjuration/Hexes            3
   d - Fulminant Prism                Conjuration/Hexes            4
   e - Force Lance                    Conjuration/Translocation    4
   f - Iskenderun's Mystic Blast      Conjuration                  4
 o - Sif Muna's Reference Book on Displacement
   (You found it on level 3 of the Dungeon)

   Spells                             Type                      Level
   a - Apportation                    Translocation                1
Comestibles
 b - 6 bread rations
 f - a meat ration
 k - 3 chunks of flesh


   Skills:
 - Level 1.7(1.5) Dodging
 - Level 1.7(1.5) Stealth
 + Level 3.1(2.8) Unarmed Combat
 + Level 3.5(3.2) Spellcasting
 + Level 4.9(4.6) Necromancy


You had 3 spell levels left.
You knew the following spells:

 Your Spells              Type           Power        Failure   Level  Hunger
a - Pain                  Necr           ###.         2%          1    None
b - Regeneration          Chrm/Necr      ##........   21%         3    ###....
c - Vampiric Draining     Necr           ###.......   8%          3    ###....
d - Magic Dart            Conj           #...         17%         1    None


Dungeon Overview and Level Annotations

Branches:
Dungeon (4/15)
 Temple: D:4-7

Altars:
Hepliaklqana
Kikubaaqudgha
Okawaru
Sif Muna
Vehumet


Innate Abilities, Weirdness & Mutations

Your plain brown scales are hard. (AC +5)
You cannot fit into any form of body armour.
You are cold-blooded and may be slowed by cold attacks.


Message History

The orc wizard barely misses you.
Unknown command.
Unknown command.
It was a potion of resistance.
You feel protected.
* * * LOW HITPOINT WARNING * * *
You feel sick.
The orc wizard hits you with a dagger of venom.
* * * LOW HITPOINT WARNING * * *
Unknown command.
It was a potion of magic.
Magic courses through your body.
* * * LOW HITPOINT WARNING * * *
You feel sick.
The orc wizard hits you but does no damage.
You are more poisoned.
The orc wizard hits you but does no damage.
Unknown command.
Okay, then.
Okay, then.
You die... ...... #.. ..o.# .)... <>..# ..... go.

#.### #.####.# # #....gl#
#.###)## #o######### .#
##lgoo.@...# #.#
#.(g######.# #.# #...# #.#
#.# ####...#### #.# #.#
#.........# #.# ##.#
#.........# #.# ##..#
#.........###.#######...###
####............).....#....
#...######.######>...###


You could see 2 orc wizards, 2 gnolls, an orc and a frilled lizard.

Vanquished Creatures
  A worker ant (D:4)
  A worker ant zombie (D:4)
  6 adders (D:2)
  4 gnolls (D:4)
  An adder zombie (D:4)
  3 dart slugs
  6 orcs
  6 giant cockroaches
  6 goblins
  9 hobgoblins
  6 kobolds
  6 bats
  2 frilled lizards
  A leopard gecko skeleton (D:4)
  4 rats
62 creatures vanquished.

Notes
Turn   | Place    | Note
-------+----------+-------------------------------------------
     0 | D:1      | KristoblXynda the Draconian Necromancer began the quest for the Orb.
     0 | D:1      | Reached XP level 1. HP: 14/14 MP: 3/3
   128 | D:1      | Reached XP level 2. HP: 8/20 MP: 0/5
   142 | D:1      | HP: 1/20 [dart slug/slug dart (6)]
   966 | D:1      | Reached skill level 1 in Unarmed Combat
  1012 | D:1      | Upgraded the game from 0.21-a0-140-g479285b to 0.21-a0-143-g1ab7d47
  1080 | D:2      | Reached XP level 3. HP: 6/26 MP: 0/6
  1937 | D:2      | Reached XP level 4. HP: 30/33 MP: 2/8
  2026 | D:2      | Learned a level 3 spell: Regeneration
  2030 | D:2      | Learned a level 3 spell: Vampiric Draining
  2764 | D:3      | Learned a level 1 spell: Magic Dart
  3041 | D:3      | Found an ancient bone altar of Kikubaaqudgha.
  3047 | D:3      | Found a deep blue altar of Sif Muna.
  3049 | D:3      | Found a radiant altar of Vehumet.
  3053 | D:3      | Identified Sif Muna's Reference Book on Displacement
  3063 | D:3      | Became a worshipper of Vehumet
  3091 | D:4      | Found a hazy altar of Hepliaklqana.
  3102 | D:4      | Found an iron altar of Okawaru.
  3167 | D:4      | Reached XP level 5. HP: 34/38 MP: 4/9
  3731 | D:4      | HP: 1/38 [poisoned by an orc wizard]
  3732 | D:4      | Succumbed to an orc wizard's poison

Vault maps used:
D:1:      roderic_dead_forest, minmay_misc_feat_encased
D:3:      grunt_temple_overflow_magic_moments
D:4:      kennysheep_slug_shrine, lemuel_crystal_altar, lemuel_round_altar

Skill      XL: |  1  2  3  4  5 |
---------------+----------------+-----
Unarmed Combat | 1 2 3 |  3.1
Spellcasting   | 3 |  3.5
Dodging        | |  1.7
Stealth        | |  1.7
Necromancy     | |  4.9

Action                   |  1- 3 |  4- 6 || total
-------------------------+-------+-------++-------
Melee: Dagger            |   102 |    47 ||   149
       Unarmed           |     6 |       ||     6
       Tailslap          |     9 |     2 ||    11
 Cast: Pain              |    30 |    70 ||   100
  Use: Potion            |     2 |     5 ||     7
       Scroll            |       |     6 ||     6
 Stab: Sleeping          |     1 |     1 ||     2
  Eat: Meat ration       |     1 |       ||     1
       Chunk             |       |     5 ||     5
Armor: Skin              |    36 |    17 ||    53
Dodge: Dodged            |    73 |    53 ||   126
